 Dungeon Crawl Stone Soup version 0.28.0-43-g3370ac3207 (webtiles) character file.

Game seed: 15565390778530098484

18 diana the Insei (level 2, 0/23 HPs)
             Began as a Demonspawn Gladiator on Mar 20, 2022.
             Slain by a goblin
             ... wielding a +0 club
             ... led by Robin
              (2 damage)
             ... on level 2 of the Dungeon.
             The game lasted 00:01:00 (1013 turns).

diana the Insei (Demonspawn Gladiator)              Turns: 1013, Time: 00:01:01

Health: 0/23       AC:  4    Str: 14    XL:     2   Next: 48%
Magic:  2/2        EV: 12    Int:  9    God:
Gold:   35         SH:  4    Dex: 14    Spells: 1/1 levels left

rFire   . . .      SeeInvis .     - Unarmed
rCold   . . .      Faith    .   (no shield)
rNeg    . . .      Spirit   .   a - +0 leather armour
rPois   .          Reflect  .   b - +0 helmet
rElec   .          Harm     .   (no cloak)
rCorr   .          Rampage  .   (no gloves)
Will    .....                   (no boots)
Stlth   +.........              (no amulet)
HPRegen 0.07/turn               (no ring)
MPRegen 0.08/turn               (no ring)

@: no status effects
A: condensation shield
a: no special abilities


You were on level 2 of the Dungeon.
You visited 1 branch of the dungeon, and saw 2 of its levels.

You collected 35 gold pieces.

Inventory:

Missiles
 c - 3 throwing nets (quivered)
Armour
 a - a +0 leather armour (worn)
 b - a +0 helmet (worn)
Scrolls
 e - a scroll of amnesia {unknown}
 f - a scroll of magic mapping {unknown}
 g - a scroll of identify {unknown}
 h - a scroll of enchant armour {unknown}
Potions
 d - a potion of invisibility {unknown}
 i - a potion of haste {unknown}


   Skills:
 + Level 2.4 Fighting
 - Level 1.7 Throwing
 + Level 1.0 Armour
 - Level 2.6 Dodging
 + Level 3.0 Unarmed Combat


You had one spell level left.
You didn't know any spells.
Your spell library contained the following spells:

 Spells                   Type           Power      Damage    Failure   Level
 Summon Forest            Summ/Tloc      0%         N/A       100%        5
 Summon Mana Viper        Hex/Summ       0%         N/A       100%        5
 Summon Cactus Giant      Summ           0%         N/A       100%        6


Dungeon Overview and Level Annotations

Branches:
Dungeon (2/15)

Altars:

Annotations:
D:2 Robin


Innate Abilities, Weirdness & Mutations

A meltable shield of frost defends you. (SH +4)


Message History

A goblin comes into view. It is wielding a +0 club. x2
A goblin comes into view. It is wielding a +0 dagger.
Robin of the Strong Arm comes into view.
They are wielding a +0 mace.
The goblin shouts! x2; You hear a shout!
You barely miss the goblin.
You hear a shout!
You block the goblin's attack.
A goblin comes into view. It is wielding a +0 dagger.
You hear a shout!
You closely miss the goblin. Robin throws the goblin at you!
The goblin hits you with a +0 club. The goblin hits you but does no damage.
You barely miss the goblin. The goblin barely misses you.
The goblin hits you with a +0 club. The goblin hits you with a +0 dagger.
You barely miss the goblin. You block the goblin's attack.
The goblin misses you.
A goblin comes into view. It is wielding a +0 dagger.
You barely miss the goblin.
A goblin comes into view. It is wielding a +0 club.
The goblin hits you with a +0 dagger. The goblin hits you with a +0 club.
The goblin barely misses you.
You are too injured to fight recklessly!
You are too injured to fight recklessly!
You are too injured to fight recklessly!
Unknown command.
You hit the goblin. Your punch misses the goblin.
The goblin is heavily wounded.
The goblin hits you but does no damage. The goblin hits you with a +0 club.
* * * LOW HITPOINT WARNING * * *
You block the goblin's attack.
You hit the goblin but do no damage.
The goblin is heavily wounded.
The goblin hits you but does no damage. The goblin barely misses you. x2
You barely miss the goblin.
The goblin is heavily wounded.
The goblin hits you with a +0 dagger.
* * * LOW HITPOINT WARNING * * *
You block the goblin's attack.
A goblin comes into view. It is wielding a +0 dagger.
The goblin hits you with a +0 club.
You die... .. ... ...g ...g# gggg

#gg#
#gg####
#g@g.###
####...#
#<..#
#.###
).# ####


You could see Robin, a hobgoblin and 10 goblins.

Vanquished Creatures
  2 bats (D:1)
  2 endoplasms (D:1)
  2 goblins (D:1)
  2 hobgoblins (D:1)
  A ball python (D:1)
  4 kobolds (D:1)
  4 rats (D:1)
17 creatures vanquished.

Notes
Turn   | Place    | Note
-------+----------+-------------------------------------------
     0 | D:1      | diana the Demonspawn Gladiator began the quest for the Orb.
     0 | D:1      | Reached XP level 1. HP: 16/16 MP: 1/1
   291 | D:1      | Gained mutation: A meltable shield of frost defends you.
                  | (SH +4) [demonic ancestry]
   291 | D:1      | Reached XP level 2. HP: 18/22 MP: 2/2
   656 | D:1      | Reached skill level 1 in Armour
   656 | D:1      | Reached skill level 3 in Unarmed Combat
  1005 | D:2      | Noticed Robin
  1013 | D:2      | Slain by a goblin

Illustrated notes

Levels and vault maps discovered:
D:1:      evilmike_arrival_crescent, layout_basic
D:2:      layout_rooms, basic_altar, ebering_ecumenical_altar_sacrificial,
          minivault_5, minmay_diced_spiral, uniq_robin, uniq_terence

Skill      XL: |  1  2 |
---------------+-------+-----
Armour         | 1 |  1.0
Unarmed Combat | 3 |  3.0
Fighting       | |  2.4
Throwing       | |  1.7
Dodging        | |  2.6

Action                   || total
-------------------------++-------
Melee: Unarmed           ||    61
       Punch             ||     1
Armor: Leather armour    ||    20
Dodge: Dodged            ||    25
Block: Other             ||    10
